 Dungeon Crawl Stone Soup version 0.30-a0-860-g512cf1e979 (webtiles) character file.

Game seed: 4115617650000925439

94600 Newt the Markskobold (level 16, -1/98 HPs)
             Began as a Kobold Hunter on Mar 7, 2023.
             Was a High Priest of Hepliaklqana.
             Killed by the air
             ... invoked by a spriggan air mage
              (33 damage)
             ... on level 4 of the Swamp.
             The game lasted 00:42:04 (26180 turns).

Newt the Markskobold (Kobold Hunter)               Turns: 26180, Time: 00:42:04

Health: -1/98      AC: 13    Str: 14    XL:     16   Next: 60%
Magic:  26/30      EV: 29    Int: 11    God:    Hepliaklqana [*****.]
Gold:   1120       SH: 12    Dex: 32    Spells: 26/35 levels left

rFire   . . .      SeeInvis +    L - +2 sling (heavy)
rCold   x . .      Faith    .    K - +3 buckler {reflect}
rNeg    . . .      Spirit   .    y - +3 ring mail of Hoces {Rampage Dex+7}
rPois   +          Reflect  +    (no helmet)
rElec   .          Rampage  +    (no cloak)
rCorr   +                        u - +0 pair of gloves
Will    +....                    p - +1 pair of boots
Stlth   +++                      e - amulet of regeneration
HPRegen 1.16/turn                R - +5 ring of evasion
MPRegen 0.22/turn                Q - ring of Paranoia {Wiz rC- rCorr Str+5 SInv}

@: invisible
A: reduced essence, small, no large weapons, nightstalker 3, talons 1, poison
resistance, robust 1
a: Renounce Religion, Recall Ancestor, Ancestor Identity, Transference, Idealise


You were on level 4 of the Swamp.
You worshipped Hepliaklqana.
Hepliaklqana was extremely pleased with you.
You visited 5 branches of the dungeon, and saw 22 of its levels.

You collected 1996 gold pieces.
You spent 876 gold pieces at shops.

Inventory:

Hand Weapons
 a - a +0 shortbow
 L - a +2 heavy sling (weapon)
Missiles
 z - 8 throwing nets
Armour
 c - a +0 leather armour
 p - a +1 pair of boots (worn)
 u - a +0 pair of gloves (worn)
 y - the +3 ring mail of Hoces (worn) {Rampage Dex+7}
   (You found it on level 8 of the Dungeon)

   Dex:       It affects your dexterity (+7).
   Rampage:   It bestows one free step when moving towards enemies.
 K - a +3 buckler of reflection (worn)
 U - +0 swamp dragon scales
Jewellery
 e - an amulet of regeneration (around neck)
 q - a ring of resist corrosion
 M - a ring of ice
 N - an amulet of reflection
 O - an amulet of faith
 Q - the ring of Paranoia (right hand) {Wiz rC- rCorr Str+5 SInv}
   (You bought it in a shop on level 2 of the Orcish Mines)

   [ring of wizardry]

   It improves your spell success rate.
   Str:       It affects your strength (+5).
   rC:        It makes you vulnerable to cold.
   SInv:      It lets you see invisible.
   rCorr:     It protects you from acid and corrosion.
 R - a +5 ring of evasion (left hand)
 T - an amulet of the acrobat
Wands
 g - a wand of paralysis (16)
 B - a wand of iceblast (2)
 D - a wand of mindburst (28)
 S - a wand of light (7)
 V - a wand of polymorph (12)
Scrolls
 b - 5 scrolls of immolation
 i - 2 scrolls of amnesia
 k - 3 scrolls of teleportation
 l - 6 scrolls of fog
 m - 3 scrolls of magic mapping
 w - 2 scrolls of fear
 A - 2 scrolls of butterflies
 C - 2 scrolls of blinking
 E - a scroll of enchant armour
 F - 2 scrolls of vulnerability
 H - 3 scrolls of poison
 P - 4 scrolls of identify
Potions
 d - 8 potions of mutation
 f - 4 potions of magic
 h - 5 potions of degeneration
 j - 6 potions of brilliance
 n - 4 potions of flight
 o - 4 potions of resistance
 r - 5 potions of attraction
 s - 4 potions of cancellation
 t - 13 potions of ambrosia
 x - 7 potions of curing
 I - a potion of might
 J - 5 potions of lignification


   Skills:
 + Level 10.3 Fighting
 - Level 16.0 Ranged Weapons
 - Level 8.0 Armour
 - Level 10.0 Dodging
 - Level 1.3 Stealth
 - Level 9.0 Shields
 - Level 10.0 Spellcasting
 - Level 8.0 Hexes
 - Level 5.0 Summonings
 - Level 8.0 Translocations
 - Level 6.0 Invocations
 - Level 10.0 Evocations


You had 26 spell levels left.
You knew the following spells:

 Your Spells              Type           Power      Damage    Failure   Level
a - Portal Projectile     Hex/Tloc       46%        N/A       1%          3
b - Tukima's Dance        Hex            23%        N/A       1%          3
c - Summon Guardian Gole  Hex/Summ       19%        N/A       2%          3

Your spell library contained the following spells:

 Spells                   Type           Power      Damage    Failure   Level
 Apportation              Tloc           46%        N/A       1%          1
 Slow                     Hex            92%        N/A       1%          1
 Summon Small Mammal      Summ           64%        N/A       1%          1
 Confusing Touch          Hex            23%        N/A       1%          3
 Call Canine Familiar     Summ           16%        N/A       4%          3
 Dazzling Flash           Conj/Hex       28%        N/A       8%          3
 Freeze                   Ice            20%        1d4       12%         1
 Necrotise                Necr           20%        1d5       12%         1
 Kindle Blastsparks       Fire/Tloc/Air  22%        2d11      12%         3
 Iskenderun's Mystic Bla  Conj/Tloc      14%        2d5       24%         4
 Frozen Ramparts          Ice            10%        1d2       34%         3
 Hailstorm                Conj/Ice       5%         3d4       34%         3
 Ignite Poison            Fire/Tmut/Pois 5%         N/A       34%         3
 Vampiric Draining        Necr           5%         2d6       34%         3
 Blade Hands              Tmut           2%         N/A       96%         5
 Freezing Cloud           Conj/Ice/Air   2%         6-21      96%         5
 Starburst                Conj/Fire      2%         6d3       100%        6
 Orb of Destruction       Conj           2%         9d5       100%        7
 Spellforged Servitor     Conj/Summ      5%         N/A       100%        7
 Borgnjor's Revivificati  Necr           2%         N/A       100%        8
 Necromutation            Tmut/Necr      2%         N/A       100%        8
 Death's Door             Necr           2%         N/A       100%        9


Dungeon Overview and Level Annotations

Branches:
Dungeon (10/15)            Temple (1/1) D:5            Lair (5/5) D:10
  Swamp (4/4) Lair:3       Spider (0/4) Lair:2        Slime (0/5) Lair:4
    Orc (2/2) D:10            Elf (0/3) Orc:2

Altars:
Ashenzari
Cheibriados
Dithmenos
Elyvilon
Fedhas
Gozag
Hepliaklqana
Kikubaaqudgha
Makhleb
Nemelex Xobeh
Okawaru
Qazlal
Ru
Sif Muna
Trog
Uskayaw
Vehumet
Wu Jian
Xom
Yredelemnul
Zin
The Shining One
Jiyva
Lugonu

Shops:
D:7 [*!?   Orc:1 *   Orc:2 =*([

Portals:
Abyss: Lair:5

Annotations:
Orc:1 4 transporters


Innate Abilities, Weirdness & Mutations

Your life essence is reduced to manifest your ancestor. (-10% HP)
You are small and have problems with some larger weapons.
You are completely attuned to the shadows.
You have sharp toenails.
Your system is resistant to poisons. (rPois)
You are robust. (+10% HP)


Message History

Unknown command.
A swamp drake comes into view.
You block the swamp dragon's attack. x3
You rampage towards the swamp drake!
You magically shoot a sling bullet.
The sling bullet hits the swamp drake.
The swamp drake is lightly wounded.
You hear a roar!
You hear a shout!
A four-headed hydra comes into view.
You block the swamp drake's attack.
Unknown command.
You feel much better.
You hear a shout!
You block the swamp dragon's attack. The swamp dragon completely misses you.
The swamp dragon misses you. You block the swamp drake's attack.
You fade into invisibility!
Your surroundings suddenly seem different.
Unknown command.
The spriggan berserker rages.
You hear a shout!
The eight-headed hydra roars!
You hear a roar!
A six-headed hydra comes into view.
You hear a shout!
You are no longer teleporting projectiles to their destination.
The spriggan berserker rages.
The six-headed hydra roars!
You hear a roar!
The spriggan berserker rages.
The spriggan rider hits you from afar with a +0 spear!
The six-headed hydra roars!
The spriggan berserker attacks as you move away!
You block the spriggan berserker's attack.
You hear a roar!
The spriggan air mage waves its arms in wide circles.
The air twists around and strikes you! The spriggan rider closely misses you.
You block the spriggan berserker's attack.
There is a stone staircase leading up here.
Unknown command.
The spriggan berserker hits you with a +2 hand axe of electrocution.
The spriggan air mage waves its arms in wide circles.
The air twists around and strikes you!!
You die...

♣♣~~~~§~.♣ ♣~.~~~~~♣♣
♣♣~..~..♣♣♣♣
♣♣~~§~....~♣
♣.~~~~~~[..♣
♣♣♣♣..~...♣♣
♣♣♣♣...~~♣♣♣♣.k
♣♣♣♣~~..~~~~.~~~.
♣♣♣♣♣~.÷~[.@÷~~~..~~♣
♣♣~.~~...†.÷i~.....§♣♣♣
♣~~~~~~~~~i~.....~♣~~.♣♣
♣.~~~§~~§§D~.~...~.DD~.~
♣~~~~~~~D~i~...D~##.##..
♣♣.~~~~~~D~...~~##.k.# ~
♣.~~~~ .♣♣♣~.~##.....#
♣.~~~~. ♣^♣♣#..D....#
♣..~~.. ~~# #.......#


You could see an eight-headed hydra (wandering, unable to see you), a six-headed
hydra (wandering, unable to see you), a three-headed hydra (wandering, unable to
see you), a spriggan rider, a spriggan berserker (berserk) and a spriggan air
mage (repels missiles).

Vanquished Creatures
  A thorn hunter (Swamp:2)
  A fenstrider witch (Swamp:1)
  2 eleionomae
  Snorg (D:10)
  An ettin (Orc:1)
  A shambling mangrove (Swamp:2)
  Harold (D:10)
  4 hydras
  3 two-headed ogres
  2 alligators
  2 thrashing horrors (Lair:5)
  An orc high priest (Orc:2)
  2 goliath frogs
  2 swamp dragons
  4 spriggan druids
  2 bog bodies
  4 orc knights
  2 orc sorcerers (Orc:2)
  An oklob plant (Lair:3)
  A necromancer (Swamp:1)
  2 ugly things (Lair:5)
  2 will-o-the-wisps
  A large abomination (Lair:5)
  2 centaur zombies (D:10)
  A black mamba (Lair:3)
  2 smoke demons (Lair:5)
  2 elephants
  4 cane toads
  Maggie (D:7)
  7 komodo dragons
  An unseen horror zombie (D:10)
  An ancient zyme (Lair:5)
  A polar bear (Lair:2)
  A bloated husk (Swamp:1)
  3 trolls
  6 tyrant leeches
  Grinder (D:4)
  A queen bee (Lair:1)
  4 hornets
  A raiju (shapeshifter) (Lair:5)
  28 blink frogs
  8 dream sheep
  A ynoxinul (Lair:5)
  5 spriggans
  42 yaks
  3 vampires
  2 wyverns
  4 basilisks
  A chaos spawn (Lair:5)
  3 vampire mosquitoes
  8 swamp worms
  6 wargs
  8 water moccasins
  Duvessa (D:7)
  A black bear (Lair:1)
  An ice beast (D:7)
  17 orc warriors
  A sky beast (D:8)
  5 ogres
  5 wolves
  3 centaurs
  A phantom (D:5)
  2 kobold brigands (D:9)
  8 bullfrogs
  A gnoll sergeant (Orc:1)
  2 scorpions
  7 wights
  Dowan (D:7)
  24 killer bees
  An electric eel (D:9)
  3 small abominations (Lair:5)
  3 hounds
  8 orc priests
  2 jellies
  7 gnoll boudas
  5 iguanas
  Ijyb (D:3)
  Natasha (D:3)
  5 hell rats (Lair:1)
  9 orc wizards
  Terence (D:2)
  A howler monkey zombie (D:10)
  34 gnolls
  11 adders
  10 river rats (Lair:1)
  A white imp (D:5)
  2 ufetubi (D:6)
  4 worms
  3 dart slugs
  57 orcs
  2 ball pythons
  7 bats
  7 endoplasms
  2 giant cockroaches
  12 goblins
  19 hobgoblins
  11 jackals
  9 quokkas
  5 frilled lizards
  17 kobolds
  16 rats
557 creatures vanquished.

Vanquished Creatures (collateral kills)
  A fenstrider witch (Swamp:4)
  An orc warlord (Orc:1)
  3 bunyips
  5 hydras
  2 ghost crabs
  Erica (D:10)
  5 death yaks (Lair:5)
  A thrashing horror (Lair:5)
  3 goliath frogs (Swamp:1)
  2 bog bodies
  2 spriggan druids (Swamp:3)
  A swamp dragon (Swamp:2)
  3 orc knights
  A harpy (shapeshifter) (Lair:5)
  A bunyip skeleton (Swamp:4)
  An oklob plant (Lair:5)
  A wolf spider (shapeshifter) (Lair:5)
  2 orc sorcerers (Orc:2)
  An ugly thing (Lair:5)
  3 will-o-the-wisps
  2 elephants (Lair:2)
  3 cane toads
  2 komodo dragons
  2 tyrant leeches
  2 hornets
  6 blink frogs
  8 dream sheep
  5 small abominations (Lair:5)
  3 spriggans
  16 yaks
  3 basilisks (Lair:5)
  4 vampire mosquitoes
  A warg (Orc:2)
  3 swamp worms (Swamp:2)
  4 water moccasins
  11 orc warriors
  2 swamp drakes (Swamp:4)
  An ice beast (D:7)
  6 wolves
  An ogre (Orc:2)
  2 centaurs
  2 kobold brigands
  4 bullfrogs
  A wight (D:9)
  8 killer bees
  An orc priest (Orc:1)
  A gnoll bouda (Lair:3)
  4 orc wizards
  2 gnolls
  2 river rats (Lair:1)
  23 orcs
  2 kobolds (D:9)
177 creatures vanquished.

Vanquished Creatures (others)
  A thorn hunter (Swamp:1)
  A spriggan (Swamp:3)
  A tyrant leech (Swamp:4)
  2 bloated husks
  5 hornets
  3 ancestors
  17 knights
  21 foxfires
  39 fungi
  42 plants
132 creatures vanquished.

Grand Total: 866 creatures vanquished

Notes
Turn   | Place    | Note
-------+----------+-------------------------------------------
     0 | D:1      | Newt the Kobold Hunter began the quest for the Orb.
     0 | D:1      | Reached XP level 1. HP: 12/12 MP: 1/1
   267 | D:1      | Reached XP level 2. HP: 18/18 MP: 2/2
   968 | D:1      | Reached XP level 3. HP: 16/23 MP: 3/3
  1122 | D:2      | Found a faded altar of an unknown god.
  1289 | D:2      | Noticed Terence
  1293 | D:2      | Killed Terence
  1294 | D:2      | Reached XP level 4. HP: 10/30 MP: 4/4
  1612 | D:2      | Reached skill level 5 in Fighting
  1734 | D:2      | Reached XP level 5. HP: 15/35 MP: 5/5
  1955 | D:2      | Reached skill level 6 in Ranged Weapons
  2322 | D:3      | Gained mutation: Your system is resistant to poisons.
                  | (rPois) [potion of mutation]
  2322 | D:3      | Gained mutation: You are robust. (+10% HP) [potion of
                  | mutation]
  2322 | D:3      | Gained mutation: You have sharp toenails. [potion of
                  | mutation]
  2379 | D:3      | Reached skill level 7 in Ranged Weapons
  2379 | D:3      | Reached XP level 6. HP: 39/44 MP: 6/6
  3008 | D:3      | Noticed Ijyb
  3011 | D:3      | Paralysed by Ijyb for 3 turns
  3024 | D:3      | Killed Ijyb
  3025 | D:3      | Reached skill level 8 in Ranged Weapons
  3377 | D:3      | Noticed Natasha
  3381 | D:3      | Killed Natasha
  3569 | D:4      | Noticed Grinder
  3578 | D:4      | Killed Grinder
  3579 | D:4      | Reached skill level 9 in Ranged Weapons
  3579 | D:4      | Reached XP level 7. HP: 48/48 MP: 7/7
  3716 | D:4      | Reached skill level 10 in Ranged Weapons
  4109 | D:5      | Entered Level 5 of the Dungeon
  4138 | D:5      | Reached XP level 8. HP: 53/53 MP: 8/8
  4170 | D:5      | You fall into a shaft and drop 3 floors!
  4293 | D:8      | Noticed a two-headed ogre
  4348 | D:8      | Reached skill level 5 in Dodging
  4362 | D:8      | Noticed a wyvern
  4644 | D:7      | Reached skill level 1 in Armour
  4813 | D:5      | Upgraded the game from 0.30-a0-859-gf88a04b62d to
                  | 0.30-a0-860-g512cf1e979
  5221 | D:5      | Reached skill level 1 in Evocations
  5221 | D:5      | Reached XP level 9. HP: 40/59 MP: 9/9
  5250 | D:5      | Found a staircase to the Ecumenical Temple.
  5516 | Temple   | Entered the Ecumenical Temple
  5767 | Temple   | Became a worshipper of Hepliaklqana the Forgotten
  5989 | D:5      | Reached skill level 5 in Evocations
  6652 | D:6      | Found a bloodstained altar of Trog.
  6653 | D:6      | Found a sparkling altar of Nemelex Xobeh.
  6834 | D:6      | Found a sacrificial altar of Ru.
  7296 | D:7      | Noticed Maggie
  7316 | D:7      | Killed Maggie
  7482 | D:7      | Noticed Duvessa
  7753 | D:6      | Reached XP level 10. HP: 65/70 MP: 10/10
  7764 | D:7      | Killed Duvessa
  7803 | D:7      | Found Coikei Iheew's Distillery.
  7808 | D:7      | Bought a potion of heal wounds for 65 gold pieces
  7821 | D:7      | Noticed Dowan
  7831 | D:7      | Killed Dowan
  7867 | D:7      | Reached * piety under Hepliaklqana
  7905 | D:7      | Reached skill level 11 in Ranged Weapons
  7947 | D:7      | Found Yqaycica's Magic Scroll Shop.
  7952 | D:7      | Bought a scroll of identify for 28 gold pieces
  7952 | D:7      | Bought a scroll of identify for 28 gold pieces
  7952 | D:7      | Bought a scroll of identify for 28 gold pieces
  7952 | D:7      | Bought a scroll of identify for 28 gold pieces
  7952 | D:7      | Bought a scroll of identify for 28 gold pieces
  7979 | D:7      | Found Ycreim's Assorted Antiques.
  7984 | D:7      | Bought a pink potion for 18 gold pieces
  8008 | D:7      | Noticed a two-headed ogre
  8029 | D:7      | Killed a two-headed ogre
  8030 | D:7      | Reached skill level 12 in Ranged Weapons
  8189 | D:7      | Found Isyd's Armour Boutique.
  8349 | D:8      | Reached skill level 13 in Ranged Weapons
  8376 | D:8      | Identified the +3 ring mail of Hoces {Rampage Dex+7}
  8569 | D:8      | Killed a two-headed ogre
  8570 | D:8      | Reached skill level 14 in Ranged Weapons
  8620 | D:8      | Reached skill level 5 in Armour
  9008 | D:9      | Reached XP level 11. HP: 68/68 MP: 11/11
  9023 | D:9      | Found a snail-covered altar of Cheibriados.
  9023 | D:9      | Found a broken altar of Ashenzari.
  9064 | D:9      | Reached ** piety under Hepliaklqana
  9065 | D:9      | Remembered your ancestor Lucia as a knight
 10119 | D:9      | Reached skill level 1 in Invocations
 10311 | D:10     | Entered Level 10 of the Dungeon
 10386 | D:10     | Found a staircase to the Orcish Mines.
 10475 | D:10     | Noticed Erica
 10475 | D:10     | Noticed Harold
 10491 | D:10     | Killed Harold
 10502 | D:10     | Killed Erica
 10503 | D:10     | Reached skill level 5 in Invocations
 10774 | D:10     | Reached XP level 12. HP: 73/73 MP: 16/16
 10943 | D:10     | Noticed a two-headed ogre
 10950 | D:10     | Killed a two-headed ogre
 10992 | D:10     | Found a staircase to the Lair.
 11019 | D:10     | Reached skill level 10 in Dodging
 11095 | D:10     | Noticed Snorg
 11110 | D:10     | Killed Snorg
 11111 | D:10     | Reached skill level 1 in Spellcasting
 11111 | D:10     | Reached skill level 1 in Hexes
 11111 | D:10     | Reached skill level 1 in Translocations
 11252 | D:10     | Reached *** piety under Hepliaklqana
 11317 | Lair:1   | Entered Level 1 of the Lair of Beasts
 11767 | Lair:1   | Noticed a seven-headed hydra
 11775 | Lair:1   | Killed a seven-headed hydra
 12274 | Lair:1   | Learned a level 3 spell: Portal Projectile
 12452 | Lair:1   | Reached XP level 13. HP: 78/78 MP: 19/19
 12996 | Lair:2   | Reached skill level 5 in Spellcasting
 12996 | Lair:2   | Reached skill level 5 in Hexes
 13005 | Lair:2   | Reached skill level 5 in Translocations
 13564 | Lair:2   | Found a hole to the Spider Nest.
 13589 | Lair:2   | Reached **** piety under Hepliaklqana
 13593 | Lair:2   | Found an opulent altar of Gozag.
 14340 | Lair:3   | Found a staircase to the Swamp.
 14438 | Lair:3   | Paralysed by a hornet for 2 turns
 14763 | Lair:3   | Reached skill level 1 in Shields
 15904 | Lair:4   | Found a viscous altar of Jiyva.
 15905 | Lair:4   | Found a staircase to the Slime Pits.
 16481 | Lair:4   | Learned a level 3 spell: Tukima's Dance
 16936 | Lair:5   | Entered Level 5 of the Lair of Beasts
 16957 | Lair:5   | Reached XP level 14. HP: 84/84 MP: 17/23
 16968 | Lair:5   | Reached skill level 5 in Shields
 17019 | Lair:5   | Reached ***** piety under Hepliaklqana
 17599 | Lair:5   | HP: 2/84 [death yak (15)]
 18738 | Lair:5   | Found a bloodstained altar of Trog.
 19188 | Lair:5   | Reached skill level 15 in Ranged Weapons
 19289 | Lair:5   | Found a corrupted altar of Lugonu.
 19292 | Lair:5   | Found a one-way gate to the infinite horrors of the Abyss.
 19759 | Orc:1    | Entered Level 1 of the Orcish Mines
 20068 | Orc:1    | Reached XP level 15. HP: 88/88 MP: 20/24
 20077 | Orc:1    | Reached skill level 16 in Ranged Weapons
 20134 | Orc:1    | Found Uvopieq's Overcharged Wands.
 20466 | Orc:1    | Found an ornate altar of the Wu Jian Council.
 20469 | Orc:1    | Found a transporter.
 20476 | Orc:1    | Found a transporter.
 20495 | Orc:1    | Found a transporter.
 20496 | Orc:1    | Noticed an orc warlord
 20530 | Orc:1    | Found a transporter.
 20816 | Orc:2    | Entered Level 2 of the Orcish Mines
 20942 | Orc:2    | Found Unofabal's Jewellery Boutique.
 20942 | Orc:2    | Noticed an orc warlord
 21446 | Orc:1    | Killed an orc warlord
 21780 | Orc:2    | Found a staircase to the Elven Halls.
 21797 | Orc:2    | Reached skill level 10 in Evocations
 21909 | Orc:2    | Bought the ring of Paranoia {Wiz rC- rCorr Str+5 SInv} for
                  | 653 gold pieces
 21925 | Orc:2    | Found Jaath's Antique Weapon Boutique.
 21939 | Orc:2    | Found Efom's General Store.
 21958 | Orc:2    | Learned a level 3 spell: Summon Guardian Golem
 22292 | Orc:2    | Found Sissefoz's Antique Armour Shop.
 22525 | Swamp:1  | Entered Level 1 of the Swamp
 22539 | Swamp:1  | Noticed a thorn hunter
 22546 | Swamp:1  | Killed a thorn hunter
 23251 | Swamp:1  | Noticed a fenstrider witch
 23259 | Swamp:1  | Killed a fenstrider witch
 24249 | Swamp:2  | Reached XP level 16. HP: 93/93 MP: 20/29
 24547 | Swamp:2  | Noticed a thorn hunter
 24558 | Swamp:2  | Killed a thorn hunter
 24680 | Swamp:2  | Reached skill level 10 in Spellcasting
 24832 | Swamp:3  | Reached skill level 1 in Summonings
 25314 | Swamp:3  | Reached skill level 5 in Summonings
 25758 | Swamp:4  | Entered Level 4 of the Swamp
 25809 | Swamp:4  | Noticed a fenstrider witch
 25815 | Swamp:4  | Killed a fenstrider witch
 25826 | Swamp:4  | HP: 4/93 [eleionoma/spray of wooden splinters (36)]
 25911 | Swamp:4  | Reached skill level 10 in Fighting
 26180 | Swamp:4  | Killed from afar by a spriggan air mage

Illustrated notes

Levels and vault maps discovered:
D:1:      wander_arrival_estate, layout_basic
D:2:      minmay_diamond_boxcup, layout_basic,
          ebering_ecumenical_altar_sacrificial, minmay_goblin_kobold_house,
          uniq_terence
D:3:      minmay_door_path, layout_loops_corners, uniq_natasha, uniq_ijyb
D:4:      layout_cave_pools, uniq_grinder
D:5:      layout_basic, minmay_temple_entry_fiery, amethyst_killhole,
          hangedman_abyss_or_decor_lesser_grid
D:6:      layout_loops_ring, chequers_temple_overflow_statue_of_worship,
          nicolae_ru_the_path_less_chosen, kb_lookout_dungeons_type
D:7:      layout_cave_pools, serial_shops, nicolae_shop_crystal,
          nicolae_shop_crystal, shop, shop, uniq_duvessa, uniq_maggie
D:8:      layout_cave_pools, bh_walls_and_bars
D:9:      layout_gridville, nicolae_overflow_squiral
D:10:     layout_loops_ring, lair_entry_dummy, hiddenorc1_lemuel, serial_undead,
          serial_undead_b, serial_undead_b, serial_undead_d, serial_undead_b,
          uniq_snorg, uniq_erica, uniq_harold
Temple:   nicolae_temple_bog_church
Lair:1:   lemuel_ratsnest, layout_cave_pods, special_room [special_room_bee],
          infiniplex_staircase_pool, grunt_megastairs_3
Lair:2:   layout_gridlike, dummy_spider_entry, basic_altar, serial_rivers,
          chequers_serial_rivers_marsh, chequers_serial_rivers_small_a,
          chequers_serial_rivers_large_a, chequers_serial_rivers_small_3,
          beast_lair_carwin_4
Lair:3:   layout_regular_city, swamp_mist_pool, dreamdust_gnoll_shepherd,
          grunt_megastairs_2, lemuel_fruit_tree
Lair:4:   layout_cave_pods, slime_entry_1, serial_bayou_shore_b
Lair:5:   hellmonk_lair_end_abyssal_woods, layout_regular_city, basic_altar
Swamp:1:  nicolae_swamp_standing_stones, layout_basic_swamp,
          nicolae_swamp_well_well_well, wheals_swamp_sinkhole, swamp_pool1
Swamp:2:  layout_falls_marsh, evilmike_swamp_ruin_house_3
Swamp:3:  layout_falls_marsh, hangedman_swamp_ruin_wall
Swamp:4:  swamp, layout_basic_swamp, beargit_kiku_chapel
Orc:1:    dreamdust_wu_jian_sword_trials, layout_diamond_mine,
          nicolae_shop_overcharged_wands
Orc:2:    grunt_orc_gardens, layout_caves, grunt_orc_garden, grunt_orc_garden,
          grunt_orc_garden, grunt_orc_garden, mines2_david

Skill      XL: |  1  2  3  4  5  6  7  8  9 10 11 12 13 14 15 16 |
---------------+-------------------------------------------------+-----
Fighting       | 3 4 5 8 10 | 10.3
Ranged Weapons | 7 9 10 14 15 16 | 16.0
Dodging        | 4 6 7 10 | 10.0
Armour         | 4 5 8 |  8.0
Evocations     | 1 6 10 | 10.0
Invocations    | 6 |  6.0
Spellcasting   | 4 6 9 10 | 10.0
Hexes          | 4 7 8 |  8.0
Translocations | 4 7 8 |  8.0
Shields        | 4 9 |  9.0
Summonings     | 5 |  5.0
Stealth        | |  1.3

Action                     |  1- 3 |  4- 6 |  7- 9 | 10-12 | 13-15 | 16-18 || total
---------------------------+-------+-------+-------+-------+-------+-------++-------
  Melee: Shortbow          |       |       |       |     1 |       |       ||     1
   Fire: Shortbow          |    58 |   218 |   415 |   741 |   175 |       ||  1607
         Sling             |       |       |       |       |  1193 |   176 ||  1369
   Cast: Portal Projectile |       |       |       |       |    62 |    27 ||    89
         Summon Guardian G |       |       |       |       |     5 |     4 ||     9
 Invoke: Ancestor Life: Kn |       |       |       |     1 |       |       ||     1
         Recall Ancestor   |       |       |       |     1 |     5 |       ||     6
         Idealise          |       |       |       |       |     2 |       ||     2
         Transference      |       |       |       |       |     2 |       ||     2
  Evoke: Wand              |       |     1 |       |     8 |     2 |       ||    11
    Use: Scroll            |     4 |     4 |     5 |     7 |    13 |     5 ||    38
         Potion            |     1 |     2 |     2 |     1 |     4 |     4 ||    14
 Armour: Leather armour    |     1 |     8 |    46 |     8 |       |       ||    63
         Ring mail         |       |       |       |    64 |   211 |    18 ||   293
  Dodge: Dodged            |    11 |    81 |   287 |   358 |   855 |   123 ||  1715
  Block: Buckler           |       |       |       |       |   429 |    80 ||   509
         Reflection        |       |       |       |       |     6 |     2 ||     8

Table legend: (Time is in decaauts)
 A = Elapsed time spent in this place.
 B = Non-inter-level travel time spent in this place.
 C = Inter-level travel time spent in this place.
 D = Time resting spent in this place.
 E = Time spent auto-exploring this place.
 F = Levels seen in this place.
 G = Mean time per level.
                   A        B        C        D        E       F      G
               +--------+--------+--------+--------+--------+-----+--------+
         Total |  26516 |  25310 |   1206 |   4645 |  16151 |  22 | 1205.3 |
       Dungeon |  11247 |  10798 |    449 |   1515 |   7413 |  10 | 1124.7 |
        Temple |    291 |    272 |     19 |      0 |    249 |   1 |  291.0 |
          Lair |   8434 |   7996 |    438 |   1589 |   4916 |   5 | 1686.8 |
         Swamp |   3828 |   3747 |     81 |    828 |   2262 |   4 |  957.0 |
  Orcish Mines |   2714 |   2496 |    218 |    713 |   1310 |   2 | 1357.0 |
               +--------+--------+--------+--------+--------+-----+--------+

Top non-repeatable levels by time:
  Lair:5: 2722 daAuts
  Lair:1: 1905 daAuts
   Orc:1: 1794 daAuts
  Lair:3: 1513 daAuts
     D:3: 1436 daAuts
 Swamp:1: 1418 daAuts
     D:9: 1363 daAuts
     D:5: 1327 daAuts
     D:7: 1252 daAuts
  Lair:4: 1238 daAuts
     D:6: 1185 daAuts
 Swamp:3: 1176 daAuts
    D:10: 1161 daAuts
     D:1: 1075 daAuts
  Lair:2: 1054 daAuts
